 Dungeon Crawl Stone Soup version 0.26-a0-652-gafc20e3620 (webtiles) character file.

Game seed: 7857378238027953840

52 DogServant the Chopper (level 3, 0/34 HPs)
             Began as a Hill Orc Monk on Oct 3, 2020.
             Slain by a worm (4 damage)
             ... on level 2 of the Dungeon.
             The game lasted 00:01:36 (1519 turns).

DogServant the Chopper (Hill Orc Monk)              Turns: 1519, Time: 00:01:37

Health: 0/34       AC:  3    Str: 14    XL:     3   Next: 85%
Magic:  3/3        EV: 13    Int: 10    God:
Gold:   57         SH:  0    Dex: 13    Spells: 2/2 levels left

rFire    . . .     SeeInvis .   a - +0 hand axe
rCold    . . .     Faith    .   (no shield)
rNeg     . . .     Spirit   .   b - +0 robe
rPois    .         Reflect  .   (no helmet)
rElec    .         Harm     .   (no cloak)
rCorr    .         Rampage  .   (no gloves)
MR       .....                  j - +0 pair of boots
Stlth    ++........             (no amulet)
HPRegen  0.11/turn              (no ring)
MPRegen  0.08/turn              (no ring)

@: no status effects
A: no striking features
a: no special abilities


You were on level 2 of the Dungeon.
You visited 1 branch of the dungeon, and saw 2 of its levels.

You collected 57 gold pieces.

Inventory:

Hand Weapons
 a - a +0 hand axe (weapon)
Armour
 b - a +0 robe (worn)
 j - a +0 pair of boots (worn)
Jewellery
 d - an uncursed amulet of guardian spirit {unknown}
Scrolls
 c - a scroll of remove curse {unknown}
 i - 2 scrolls of teleportation {unknown}
Potions
 e - a potion of stabbing {unknown}
 f - a potion of lignification
 g - a potion of might
 h - a potion of resistance


   Skills:
 + Level 4.7 Fighting
 + Level 5.2 Axes
 - Level 2.4 Dodging
 - Level 1.5 Stealth


You had 2 spell levels left.
You didn't know any spells.
Your spell library was empty.

Dungeon Overview and Level Annotations

Branches:
Dungeon (2/15)

Altars:


Message History

You barely miss the worm.
The worm is lightly wounded.
You hit the worm but do no damage.
The worm is lightly wounded.
The worm misses you.
You barely miss the worm.
The worm is lightly wounded.
You hit the worm.
The worm is lightly wounded.
The worm bites you.
* * * LOW HITPOINT WARNING * * *
You slash the worm!
The worm is heavily wounded.
The worm bites you but does no damage.
You hit the worm but do no damage.
The worm is heavily wounded.
You hit the worm but do no damage.
The worm is heavily wounded.
The worm bites you.
You die...

#.# #.# #.######
#......# #..###.# #
#####....#.# .#
#........#.# ..#
#.##.......#######...###
'...............@.......
#.##.....#######.w..#.##
#.#......# #...##
#.#.####.# #....# #...
#.# ##.##.# ###. . .# ##
.# .# #


You could see a worm.

Vanquished Creatures
  2 adders (D:2)
  A dart slug (D:2)
  2 bats
  A giant cockroach (D:1)
  7 goblins
  6 hobgoblins
  A jackal (D:2)
  4 frilled lizards
  2 kobolds (D:1)
  5 rats
31 creatures vanquished.

Notes
Turn   | Place    | Note
-------+----------+-------------------------------------------
     0 | D:1      | DogServant the Hill Orc Monk began the quest for the Orb.
     0 | D:1      | Reached XP level 1. HP: 19/19 MP: 1/1
   236 | D:1      | Reached XP level 2. HP: 24/27 MP: 2/2
  1030 | D:2      | Reached XP level 3. HP: 32/34 MP: 3/3
  1178 | D:2      | Reached skill level 5 in Axes
  1519 | D:2      | Slain by a worm

Illustrated notes

Levels and vault maps discovered:
D:1:      saegor_arrival_simple_b, layout_loops_corners
D:2:      layout_loops_corners, grunt_temple_overflow_diamond,
          minmay_misc_feat_four_crosses, nrook_campfire, minmay_tetromino_l4

Skill      XL: |  1  2  3 |
---------------+----------+-----
Fighting       | 4 |  4.7
Axes           | 5 |  5.2
Dodging        | |  2.4
Stealth        | |  1.5

Action                   || total
-------------------------++-------
Melee: Hand axe          ||   125
  Use: Scroll            ||     5
       Potion            ||     1
 Stab: Sleeping          ||     3
Armor: Robe              ||    15
Dodge: Dodged            ||    68

Table legend: (Time is in decaauts)
 A = Elapsed time spent in this place.
 B = Non-inter-level travel time spent in this place.
 C = Inter-level travel time spent in this place.
 D = Time resting spent in this place.
 E = Time spent auto-exploring this place.
 F = Levels seen in this place.
 G = Mean time per level.
                   A        B        C        D        E       F      G
               +--------+--------+--------+--------+--------+-----+--------+
         Total |   1526 |   1490 |     36 |      0 |   1246 |   2 |  763.0 |
       Dungeon |   1526 |   1490 |     36 |      0 |   1246 |   2 |  763.0 |
               +--------+--------+--------+--------+--------+-----+--------+

Top non-repeatable levels by time:
     D:1: 1003 daAuts
     D:2: 522 daAuts
